 Dungeon Crawl Stone Soup version 0.17.0-56-gd8de76c (console) character file.

354 Kloppie the Stinger (level 6, -1/52 HPs)
             Began as a Draconian Venom Mage on Dec 5, 2015.
             Slain by a gnoll
             ... wielding a +0 whip
              (3 damage)
             ... on level 2 of the Dungeon.
             The game lasted 00:09:38 (4439 turns).

Kloppie the Stinger (Draconian Venom Mage)          Turns: 4439, Time: 00:09:38

Health: -1/52      AC:  6    Str: 10    XL:     6   Next: 35%
Magic:  4/9        EV: 13    Int: 17    God:
Gold:   63         SH:  0    Dex: 12    Spells: 3 memorised, 1 level left

rFire  . . .     SeeInvis .     c - +1 trident (flame)
rCold  . . .     Clarity  .     (armour unavailable)
rNeg   . . .     SustAt   .     (no shield)
rPois  .         Gourm    .     (helmet restricted)
rElec  .         Spirit   .     (no cloak)
rCorr  .         Warding  .     (no gloves)
rMut   .         Stasis   .     (no boots)
MR     .....                    (no amulet)
Stlth  ++........               (no ring)
                                (no ring)

@: not resistant to hostile enchantments, unstealthy
A: unfitting armour, cold-blooded, AC +6
a: no special abilities


You were on level 2 of the Dungeon.
You were not hungry.

You visited 1 branch of the dungeon, and saw 3 of its levels.

You collected 63 gold pieces.

Inventory:

Hand Weapons
 c - a +1 trident of flaming (weapon)
Scrolls
 d - a scroll of enchant weapon {unknown}
 h - a scroll of teleportation {unknown}
 j - 2 scrolls of remove curse
 k - a scroll of recharging {unknown}
 n - a scroll of magic mapping {unknown}
 p - 2 scrolls of identify {unknown}
 r - a scroll of fog {unknown}
Potions
 i - a potion of heal wounds {unknown}
 l - a potion of agility {unknown}
 o - a potion of lignification {unknown}
 q - a potion of brilliance {unknown}
Books
 a - a Young Poisoner's Handbook

   Spells                             Type                      Level
   a - Sting                          Conjuration/Poison           1
   b - Cure Poison                    Poison                       2
   c - Mephitic Cloud                 Conjuration/Poison/Air       3
   d - Olgreb's Toxic Radiance        Poison                       4
   e - Venom Bolt                     Conjuration/Poison           5
Comestibles
 b - 3 bread rations
 f - 3 meat rations
 g - 6 fruits
 m - a royal jelly
 s - 3 chunks of flesh


   Skills:
 + Level 3.8 Fighting
 + Level 3.6 Dodging
 - Level 1.7 Stealth
 - Level 2.0 Spellcasting
 + Level 1.9 Conjurations
 - Level 5.1 Poison Magic


You had one spell level left.
You knew the following spells:

 Your Spells              Type           Power        Failure   Level  Hunger
a - Sting                 Conj/Pois      ##..         4%          1    #......
b - Cure Poison           Pois           ###.......   3%          2    ###....
c - Venom Bolt            Conj/Pois      ##........   95%         5    ######.


Dungeon Overview and Level Annotations

Branches:
Dungeon (3/15)

Altars:
Trog

Annotations:
D:3 Rex's ghost, weakling MiFi


Innate Abilities, Weirdness & Mutations

Your plain brown scales are hard (AC +6).
Your body does not fit into most forms of armour.
You are cold-blooded and may be slowed by cold attacks.


Message History

The gnoll hits you with a whip.
* * * LOW HITPOINT WARNING * * *
The gnoll hits you with a club.
* * * LOW HITPOINT WARNING * * *
You hit the gnoll. You burn the gnoll.
The gnoll is severely wounded.
The gnoll hits you with a whip.
* * * LOW HITPOINT WARNING * * *
The gnoll hits you with a club.
* * * LOW HITPOINT WARNING * * *
The gnoll hits you but does no damage.
Casting: Sting
Confirm with . or Enter, or press ? or * to list all spells.
Aiming: Sting
Press: ? - help, Shift-Dir - straight line, f/p - gnoll
Aim: a gnoll, wielding a club (heavily wounded, poisoned)
The sting hits the gnoll.
The gnoll is severely wounded.
The gnoll hits you with a whip.
You die...

...########
..........#
...######.#
####
#.###########
#.#..(..(...#
#.#.#######.#
#.#.#....)#<#
#.#.#####g#.#
#.#...)g@.#.#
#.#########.#
#...........#
#############


You could see 2 gnolls.

Vanquished Creatures
  An eye of draining (D:3)
  A gnoll sergeant (D:3)
  Ijyb (D:3)
  5 adders
  6 gnolls (D:2)
  A worm (D:2)
  3 giant geckos
  7 orcs (D:3)
  4 bats
  2 giant cockroaches (D:1)
  5 goblins
  8 hobgoblins
  4 jackals (D:1)
  4 quokkas
  2 ball pythons
  2 giant newts
  6 kobolds
  8 rats
70 creatures vanquished.

Notes
Turn   | Place    | Note
--------------------------------------------------------------
     0 | D:1      | Kloppie the Draconian Venom Mage began the quest for the Orb.
     0 | D:1      | Reached XP level 1. HP: 14/14 MP: 3/3
     2 | D:1      | Noticed an electric eel
   319 | D:1      | Reached XP level 2. HP: 19/22 MP: 0/5
   452 | D:1      | Reached skill level 1 in Fighting
   913 | D:1      | Reached XP level 3. HP: 28/28 MP: 4/6
  2300 | D:3      | Reached XP level 4. HP: 36/36 MP: 7/7
  2338 | D:3      | Noticed Rex's ghost (weakling MiFi)
  2424 | D:3      | Noticed Ijyb
  2446 | D:3      | Killed Ijyb
  2708 | D:3      | Noticed an eye of draining
  2714 | D:3      | Found a bloodstained altar of Trog.
  2747 | D:3      | Killed an eye of draining
  2747 | D:3      | Reached skill level 5 in Poison Magic
  2747 | D:3      | Reached XP level 5. HP: 18/45 MP: 0/8
  2973 | D:3      | Learned a level 2 spell: Cure Poison
  2979 | D:3      | Learned a level 5 spell: Venom Bolt
  3150 | D:3      | HP: 2/45 [orc/trident of flaming (1)]
  3935 | D:3      | Reached skill level 1 in Conjurations
  3935 | D:3      | Reached XP level 6. HP: 13/51 MP: 4/9
  4438 | D:2      | HP: 2/52 [gnoll/club (6)]
  4439 | D:2      | Slain by a gnoll

Action                   |  1- 3 |  4- 6 || total
-------------------------+-------+-------++-------
Melee: Dagger            |   101 |    58 ||   159
       Unarmed           |     2 |       ||     2
       Trident           |       |    60 ||    60
 Cast: Sting             |    61 |    50 ||   111
  Use: Potion            |       |     2 ||     2
       Scroll            |       |     1 ||     1
 Stab: Sleeping          |     2 |       ||     2
  Eat: Chunk             |     5 |     8 ||    13
